 Dungeon Sprint DCSS version 0.21-a0-260-g9b2435e (webtiles) character file.

134 Kidiri the Sneak (level 4, -1/23 HPs)
             Began as a Spriggan Enchanter on Sept 7, 2017.
             Slain by a tyrant leech (8 damage)
             ... in the Dungeon (Sprint II: "The Violet Keep of Menkaure").
             The game lasted 00:02:35 (275 turns).

Kidiri the Sneak (Spriggan Enchanter)                Turns: 275, Time: 00:02:36

Health: -1/23      AC:  2    Str:  4    XL:     4   Next: 95%
Magic:  2/12       EV: 22    Int: 17    God:
Gold:   729        SH:  0    Dex: 16    Spells: 1/13 levels left

rFire    . . .     SeeInvis +   a - +1 dagger
rCold    . . .     Gourm    .   (shield restricted)
rNeg     . . .     Faith    .   b - +0 robe
rPois    .         Spirit   .   (helmet restricted)
rElec    .         Reflect  .   (no cloak)
rCorr    .         Harm     .   (gloves unavailable)
MR       .....     NoTele   +   (boots unavailable)
Stlth    ++++......             (no amulet)
HPRegen  0.07/turn              (no ring)
MPRegen  0.13/turn              (no ring)

@: very quick
A: unfitting armour, see invisible, herbivore 3, speed 3, slow metabolism 2
a: no special abilities


You were in the Dungeon.
You were not hungry.

You visited 1 branch You collected 729 gold pieces.

Inventory:

Hand Weapons
 a - a +1 dagger (weapon)
Armour
 b - a +0 robe (worn)
Scrolls
 j - a scroll of blinking
Potions
 e - a potion of curing
 f - a potion of heal wounds
 g - a potion of haste
 h - 2 potions of magic
 i - a potion of berserk rage
Books
 c - a book of Maledictions

   Spells                             Type                      Level
   a - Corona                         Hexes                        1
   b - Ensorcelled Hibernation        Hexes/Ice                    2
   c - Confuse                        Hexes                        3
   d - Tukima's Dance                 Hexes                        3
   e - Dazzling Spray                 Conjuration/Hexes            3
Comestibles
 d - a bread ration


   Skills:
 + Level 2.0 Fighting
 * Level 4.5 Short Blades
 + Level 1.8 Armour
 * Level 6.8 Dodging
 * Level 7.5 Stealth
 * Level 5.3 Spellcasting
 + Level 0.0 Conjurations
 + Level 4.8 Hexes
 + Level 1.7 Ice Magic


You had one spell level left.
You knew the following spells:

 Your Spells              Type           Power        Failure   Level  Hunger
a - Corona                Hex            ###....      1%          1    None
b - Ensorcelled Hibernat  Hex/Ice        ###...       5%          2    #......
c - Confuse               Hex            ###.....     5%          3    ##.....
d - Tukima's Dance        Hex            ###.....     5%          3    ##.....
e - Dazzling Spray        Conj/Hex       ##....       16%         3    ##.....


Dungeon Overview and Level Annotations

Branches:
Dungeon (1/1)

Altars:

Shops:
D [}

Annotations:
D Roxanne


Innate Abilities, Weirdness & Mutations

You are very small and have problems with some larger weapons.
You are too small for most types of armour.
You have supernaturally acute eyesight. (SInv)
You are a herbivore.
You cover ground extremely quickly.
You need consume almost no food.


Message History

Casting: Confuse
Confirm with . or Enter, or press ? or * to list all spells.
You don't have enough magic to cast that spell.
Unknown command.
Unknown command.
Unknown command.
You open the door. The tyrant leech closely misses you.
The tyrant leech bites you.
The tyrant leech draws strength from your injuries!
Casting: Confuse
Confirm with . or Enter, or press ? or * to list all spells.
You don't have enough magic to cast that spell.
Unknown command.
You hit the tyrant leech.
The tyrant leech is lightly wounded.
Unknown command.
You hit the tyrant leech.
The tyrant leech is lightly wounded.
The tyrant leech bites you!
You die...

≈≈§≈§§.§≈##
≈§§8§≈§≈≈#
§.§§§.≈# #
≈§≈§≈#
###≈≈#+++#+++##
##≈≈≈...≈.....#
∩#≈≈≈≈.##'##.≈#
.#≈≈≈≈##w#.## #
## ∩#≈≈≈≈#@w#w.#
.# .#≈≈#
###.##### .##
.#≈##H
#%###.##..# .#≈
#.##.##...#..#
.+ #+.<.'###'..#
#$##.##...#....#
#H
##+###.##......≈
# ##.#.####
≈..§..≈ #.##%%#
≈≈≈≈..≈


You could see 2 tyrant leeches.

Vanquished Creatures
  A crocodile (D)
  3 worker ants (D)
  3 worms (D)
7 creatures vanquished.

Vanquished Creatures (others)
  Menkaure (D)
  A crocodile (D)
2 creatures vanquished.

Grand Total: 9 creatures vanquished

Notes
Turn   | Place    | Note
-------+----------+-------------------------------------------
     0 | D        | Kidiri the Spriggan Enchanter began the quest for the Orb.
     0 | D        | Reached XP level 1. HP: 9/9 MP: 5/5
     1 | D        | Noticed a worker ant
     1 | D        | Noticed a worker ant
    14 | D        | Reached skill level 5 in Stealth
    14 | D        | Reached XP level 2. HP: 14/14 MP: 7/7
    27 | D        | Learned a level 2 spell: Ensorcelled Hibernation
    37 | D        | Noticed a hippogriff
    37 | D        | Noticed a hippogriff
    41 | D        | Noticed a tyrant leech
    41 | D        | Noticed a tyrant leech
    48 | D        | Reached skill level 1 in Fighting
    48 | D        | Reached skill level 1 in Armour
    48 | D        | Reached skill level 5 in Dodging
    48 | D        | Reached XP level 3. HP: 18/18 MP: 1/9
   118 | D        | Killed a crocodile
   130 | D        | Killed Menkaure
   162 | D        | Reached skill level 6 in Stealth
   162 | D        | Reached skill level 1 in Ice Magic
   169 | D        | Noticed Roxanne
   171 | D        | Noticed a crocodile
   174 | D        | Found Fecogruu's Antique Armour Shoppe.
   174 | D        | Found Cogie's Gadget Emporium.
   175 | D        | Killed a crocodile
   175 | D        | Reached skill level 7 in Stealth
   175 | D        | Reached skill level 5 in Spellcasting
   175 | D        | Reached XP level 4. HP: 23/23 MP: 9/12
   181 | D        | Learned a level 3 spell: Confuse
   185 | D        | Learned a level 3 spell: Tukima's Dance
   189 | D        | Learned a level 3 spell: Dazzling Spray
   275 | D        | Slain by a tyrant leech

Vault maps used:
D:        the_violet_keep_of_menkaure

Skill      XL: |  1  2  3 |
---------------+----------+-----
Dodging        | 4 5 6 |  6.8
Short Blades   | 2 3 4 |  4.5
Spellcasting   | 3 5 |  5.3
Stealth        | 5 7 |  7.5
Fighting       | 1 2 |  2.0
Armour         | 1 |  1.8
Hexes          | 4 |  4.8
Ice Magic      | 1 |  1.7

Action                   |  1- 3 |  4- 6 || total
-------------------------+-------+-------++-------
Melee: Dagger            |     6 |     5 ||    11
 Cast: Ensorcelled Hiber |     3 |     3 ||     6
       Confuse           |       |     2 ||     2
       Dazzling Spray    |       |     2 ||     2
 Stab: Sleeping          |     6 |     3 ||     9
Dodge: Dodged            |     2 |     3 ||     5

Table legend:
 A = Spawn XP
 B = Non-spawn XP
 C = Spawn XP percentage of total XP
 D = Spawn monster count
 E = Non-spawn monster count
 F = Spawn count percentage of total count
 G = Total turns spent on level
                    A         B        C        D         E        F      G
               +---------+---------+-------+---------+---------+-------+---------
         Total |       0 |     192 |   0.0 |       0 |       7 |   0.0 |   275
               +---------+---------+-------+---------+---------+-------+---------
             D |       0 |     192 |   0.0 |       0 |       7 |   0.0 |   275
               +---------+---------+-------+---------+---------+-------+---------
